 Dungeon Crawl Stone Soup version 0.31-a0-806-g0bc164a743 (webtiles) character file.

Game seed: 1629254955814747587

132 GordonOverkill the Sneak (level 4, -3/40 HPs)
             Began as a Draconian Delver on Sept 21, 2023.
             Succumbed to their own poison gas
             ... on level 3 of the Dungeon.
             The game lasted 00:07:08 (3009 turns).

GordonOverkill the Sneak (Draconian Delver)         Turns: 3009, Time: 00:07:08

Health: -3/40      AC:  6    Str: 15    XL:     4   Next: 92%
Magic:  7/7        EV: 12    Int: 16    God:
Gold:   215        SH:  0    Dex: 12    Spells: 6/7 levels left

rFire   . . .        a - +0 hand axe
rCold   . . .        (no shield)
rNeg    . . .        (body armour unavailable)
rPois   .            (helmet restricted)
rElec   .            (no cloak)
rCorr   .            i - +0 pair of gloves
SInv    .            (no boots)
Will    .....        (no amulet)
Stlth   +++          p - ring of Wonder {Wiz Int+4}
HPRegen 0.26/turn    (no ring)
MPRegen 0.10/turn

%: wizardry (x1)
@: brilliant, lethally poisoned (-3 -> -37), attractive
A: AC +5, unfitting armour, cold-blooded
a: no special abilities


You were on level 3 of the Dungeon.
You visited 1 branch of the dungeon, and saw 6 of its levels.

You collected 215 gold pieces.

Inventory:

Hand Weapons
 a - a +0 hand axe (weapon)
Missiles
 m - 4 poisoned darts (quivered)
 n - 4 datura-tipped darts
Armour
 i - a +0 pair of gloves (worn)
Jewellery
 p - the ring of Wonder (left hand) {Wiz Int+4}
   (You found it on level 3 of the Dungeon)

   [ring of wizardry]

   Wiz:       It improves your spell success rate.
   Int+4:     It affects your intelligence (+4).
 r - a ring of poison resistance
 s - a ring of protection from cold
Talismans
 k - a beast talisman
Wands
 f - a wand of digging (3)
Scrolls
 b - a scroll of fog
 d - a scroll of amnesia {unknown}
 h - a scroll of summoning {unknown}
 j - 4 scrolls of poison
 l - a scroll of silence {unknown}
 o - a scroll of teleportation {unknown}
 q - 3 scrolls of identify {unknown}
Potions
 c - a potion of brilliance
 e - 2 potions of curing
 g - a potion of attraction


   Skills:
 - Level 4.0 Fighting
 - Level 3.0 Axes
 - Level 2.2 Dodging
 - Level 4.8 Stealth
 + Level 2.4 Spellcasting


You had 6 spell levels left.
You knew the following spells:

 Your Spells              Type           Power      Damage    Failure   Level
a - Slow                  Hex            8%         N/A       9%          1

Your spell library contained the following spells:

 Spells                   Type           Power      Damage    Failure   Level
 Sublimation of Blood     Necr           2%         N/A       12%         2
 Wereblood                Tmut           2%         N/A       12%         2
 Confusing Touch          Hex            2%         N/A       24%         3
 Sigil of Binding         Hex            2%         N/A       24%         3
 Vampiric Draining        Necr           2%         2d6       24%         3
 Summon Hydra             Summ           1%         N/A       100%        7


Dungeon Overview and Level Annotations

Branches:
Dungeon (6/15)             Temple (0/1) D:4

Altars:
Dithmenos
Okawaru
Ru

Shops:
D:5 (

Annotations:
D:3 Pikel
D:5 1 runed translucent door


Innate Abilities, Weirdness & Mutations

Your plain brown scales are hard. (AC +5)
You cannot fit into any form of body armour.
You are cold-blooded and may be slowed by cold attacks.


Message History

You hit Pikel.
Pikel is lightly wounded.
Pikel hits you with a +1 whip of flaming.
* * * LOW HITPOINT WARNING * * *
Pikel burns you.
* * * LOW HITPOINT WARNING * * *
It was a potion of attraction.
You feel attractive to monsters. Pikel hits you but does no damage.
It was a potion of heal wounds.
You feel much better. Pikel hits you but does no damage.
Okay, then.
Okay, then.
You hit Pikel but do no damage. You tail-slap Pikel.
Pikel is lightly wounded.
Pikel hits you but does no damage.
You hit Pikel but do no damage.
Pikel is lightly wounded.
Pikel hits you with a +1 whip of flaming!
Pikel burns you.
* * * LOW HITPOINT WARNING * * *
Pikel hits you with a +1 whip of flaming.
* * * LOW HITPOINT WARNING * * *
Pikel burns you.
* * * LOW HITPOINT WARNING * * *
Sorry, you're not good enough to have a special ability.
Unknown command.
You see here a +0 falchion.
The air fills with toxic fumes!
As you read the scroll labelled CULIDWAKHU, it crumbles to dust.
It was a scroll of poison.
You are engulfed in poison gas.
You are poisoned.
* * * LOW HITPOINT WARNING * * *
x2 You feel very sick.
Pikel attacks as he pursues you! Pikel barely misses you.
You are engulfed in poison gas.
You are more poisoned.
* * * LOW HITPOINT WARNING * * *
You die...

.## #.# #.# #....# ..# #.#
#.# ####.# ..# #.# #.# #.#
..# #.# #.# #.# ..# #.# #.#
#<# ..# #.# #.# #.#
..###.########.# #.###
...............#########§..#
.##.#####.......@§§§§§§§§..#
.........########§§§§§§§§..#
###.####.# #K#####...## #
#.# #.# #># ###.# # #.# #.#
#§# #.# #.# #.# #§# #.# #.#
#.# #§# #.# #.# #.# #§# #.#
#)# #.# #§# #.#


You could see Pikel.

Vanquished Creatures
  A hound (D:5)
  3 gnolls (D:3)
  An adder (D:2)
  3 dart slugs (D:1)
  4 orcs
  6 ball pythons
  A bat (D:1)
  4 endoplasms
  2 giant cockroaches
  4 goblins
  A hobgoblin (D:1)
  3 jackals
  5 quokkas
  4 frilled lizards
  6 kobolds
  8 rats
56 creatures vanquished.

Notes
Turn   | Place    | Note
-------+----------+-------------------------------------------
     0 | D:5      | GordonOverkill the Draconian Delver began the quest for the
                  | Orb.
     0 | D:5      | Reached XP level 1. HP: 19/19 MP: 1/1
     1 | D:6      | Noticed a water moccasin
     2 | D:6      | Noticed an iguana
    99 | D:5      | Noticed a scorpion
   130 | D:5      | Noticed a hound
   140 | D:5      | Killed a hound
   141 | D:5      | Reached XP level 2. HP: 15/27 MP: 2/2
   141 | D:5      | Reached XP level 3. HP: 18/33 MP: 3/3
   254 | D:5      | Found Cyil's Weapon Shop.
   332 | D:5      | Noticed a black bear
   412 | D:5      | Found a runed translucent door.
   414 | D:4      | Noticed a lemure
   431 | D:4      | Found a staircase to the Ecumenical Temple.
   458 | D:4      | Noticed a lemure
   460 | D:4      | Noticed a lemure
   677 | D:3      | Learned a level 1 spell: Slow
  1069 | D:1      | Reached XP level 4. HP: 40/40 MP: 4/4
  1106 | D:1      | Found a faded altar of an unknown god.
  1516 | D:2      | Reached skill level 1 in Spellcasting
  2237 | D:3      | Identified the ring of Wonder {Wiz Int+4}
  2400 | D:3      | Found a shadowy altar of Dithmenos.
  2799 | D:3      | Found an iron altar of Okawaru.
  2909 | D:4      | Found a sacrificial altar of Ru.
  2993 | D:4      | Noticed Pikel
  2993 | D:4      | Noticed a lemure
  3009 | D:3      | Succumbed to their own poison gas

Illustrated notes

Levels and vault maps discovered:
D:1:      lightli_arrival_noodles, layout_rooms,
          shapermc_ecumenical_altar_notcrosses, minmay_hexomino_c4
D:2:      layout_basic, chequers_serial_rivers_micro_a, fountainhead
D:3:      layout_loops_ring, mainiacjoe_overflow_swirl
D:4:      layout_rooms, mainiacjoe_overflow_surrounded_room,
          nicolae_overflow_crystal_walls, minmay_temple_entry_water_ring,
          portal_sewer_entry_e, serial_bayou_lagoon_a, uniq_pikel
D:5:      minmay_polygon_palace, layout_loops_ring,
          hellmonk_ghost_happy_afterlife, serial_shops, shop,
          nicolae_stop_n_shop_2, kennysheep_little_box,
          nicolae_shop_behind_doors
D:6:      layout_loops_ring, nicolae_vehumet_radiance, minmay_circle_x,
          uniq_blork_the_orc

Skill      XL: |  1  2  3  4 |
---------------+-------------+-----
Dodging        | 2 |  2.2
Fighting       | 4 |  4.0
Axes           | 3 |  3.0
Spellcasting   | 2 |  2.4
Stealth        | |  4.8

Action                     |  1- 3 |  4- 6 || total
---------------------------+-------+-------++-------
  Melee: Hand axe          |    87 |   138 ||   225
         Tailslap          |     7 |    15 ||    22
         Punch             |     2 |     1 ||     3
  Throw: Dart              |       |     1 ||     1
   Cast: Slow              |       |     9 ||     9
    Use: Potion            |     1 |     4 ||     5
         Scroll            |     2 |     2 ||     4
   Stab: Sleeping          |     6 |     5 ||    11
 Armour: Skin              |    74 |    92 ||   166
  Dodge: Dodged            |    64 |   117 ||   181

Table legend: (Time is in decaauts)
 A = Elapsed time spent in this place.
 B = Non-inter-level travel time spent in this place.
 C = Inter-level travel time spent in this place.
 D = Time resting spent in this place.
 E = Time spent auto-exploring this place.
 F = Levels seen in this place.
 G = Mean time per level.
                   A        B        C        D        E       F      G
               +--------+--------+--------+--------+--------+-----+--------+
         Total |   3033 |   2896 |    137 |    354 |   1484 |   6 |  505.5 |
       Dungeon |   3033 |   2896 |    137 |    354 |   1484 |   6 |  505.5 |
               +--------+--------+--------+--------+--------+-----+--------+

Top non-repeatable levels by time:
     D:3: 925 daAuts
     D:2: 882 daAuts
     D:1: 671 daAuts
     D:5: 398 daAuts
     D:4: 153 daAuts
     D:6: 1 daAuts
